 Dungeon Sprint DCSS version 0.30-a0-989-g0d87f670db (webtiles) character file.

Game seed: 6797421673745547152

242 fozzywoppz the Trooper (level 5, -1/48 HPs)
             Began as a Demonspawn Monk on Apr 2, 2023.
             Was an Elder of Qazlal.
             Slain by a gnoll bouda
             ... wielding a +0 club
              (9 damage)
             ... in the Dungeon (Sprint VII: "The Pits").
             The game lasted 00:01:24 (115 turns).

fozzywoppz the Trooper (Demonspawn Monk)             Turns: 115, Time: 00:01:25

Health: -1/48      AC:  2    Str: 12    XL:     5   Next: 81%
Magic:  2/5        EV: 16    Int: 11    God:    Qazlal [****..]
Gold:   0          SH:  5    Dex: 17    Spells: 4/4 levels left

rFire   . . .      SeeInvis .      - Unarmed
rCold   . . .      Faith    .    (no shield)
rNeg    . . .      Spirit   .    a - +0 robe
rPois   .          Reflect  .    (helmet restricted)
rElec   .          Rampage  .    (no cloak)
rCorr   .          NoTele   +    (no gloves)
Will    .....                    (no boots)
Stlth   +                        (no amulet)
HPRegen 0.28/turn                (no ring)
MPRegen 0.09/turn                (no ring)

@: repel missiles
A: antennae 1, foul stench 1
a: Renounce Religion, Upheaval, Elemental Force


You were in the Dungeon.
You worshipped Qazlal.
Qazlal was greatly pleased with you.
You visited 1 branch

Inventory:

Armour
 a - a +0 robe (worn)
Scrolls
 h - a scroll of blinking
 j - 5 scrolls of amnesia
 k - a scroll of summoning
Potions
 b - a potion of ambrosia
 c - a potion of curing
 e - a potion of haste
 f - 4 potions of magic
 g - 3 potions of berserk rage
 i - 2 potions of invisibility


   Skills:
 + Level 7.6 Fighting
 + Level 6.9 Dodging
 - Level 2.0 Stealth
 + Level 6.9 Unarmed Combat


You had 4 spell levels left.
You didn't know any spells.
Your spell library was empty.

Dungeon Overview and Level Annotations

Branches:
Dungeon (1/1)

Altars:
Ashenzari
Cheibriados
Dithmenos
Fedhas
Gozag
Hepliaklqana
Kikubaaqudgha
Makhleb
Nemelex Xobeh
Okawaru
Qazlal
Ru
Sif Muna
Trog
Uskayaw
Vehumet
Wu Jian
Xom
Yredelemnul
Jiyva
Lugonu


Innate Abilities, Weirdness & Mutations

You have a pair of small antennae on your head.
You may rarely emit foul miasma when damaged in melee.


Message History

You block the ufetubus's attack. The ufetubus barely misses you.
The kobold misses you.
The gnoll hits you from afar with a +0 spear.
* * * LOW HITPOINT WARNING * * *
Unknown command.
The kobold attacks as you move away! The kobold misses you.
You block the ufetubus's attack. x2
You hit the ufetubus.
You kill the ufetubus!
Qazlal accepts your kill.
The storm surrounding you is now powerful enough to repel missiles.
You will now adapt resistances upon receiving elemental damage.
Unknown command.
Aiming: Upheaval
Press: ? - help, Dir - move target, f - gnoll
Aim: a gnoll, wielding a +0 spear You fail to use your ability.
You block the gnoll's attack. The kobold hits you with a +0 club.
* * * LOW HITPOINT WARNING * * *
Unknown command.
Aiming: Upheaval
Press: ? - help, Dir - move target, f/p - gnoll
Aim: a gnoll, wielding a +0 spear A blizzard blasts the area with ice!
The blast of ice hits the gnoll!!
You kill the gnoll!
Qazlal accepts your kill. The kobold barely misses you.
A gnoll bouda comes into view. It is wielding a +0 club.
You closely miss the kobold. You hit the kobold.
You kill the kobold!
Qazlal accepts your kill.
The gnoll bouda barks out a call to the hunt!
You don't have enough magic at the moment.
Unknown command.
There is an open door here.
You barely miss the gnoll bouda.
The gnoll bouda hits you with a +0 club!
You die...

############
#_________.#
#_________.#
#_______...###########++
##########'##...........
#.?(.')))'.##......#..#.
##########.##...........
#...........'...........
+#####@#####......#..#.
#..#g.# #...........
#.)g..# ####'#####++
#.†#### #.......# #..#
#.......# #..#{
#.......# ##†# #...<...#
#..).....##.......#
#........##.......#


You could see a gnoll bouda and a gnoll (swift).

Vanquished Creatures
  2 floating eyes (D)
  2 gnolls (D)
  An adder (D)
  An ufetubus (D)
  An endoplasm (D)
  A giant cockroach (D)
  2 jackals (D)
  A kobold (D)
  A frilled lizard (D)
12 creatures vanquished.

Notes
Turn   | Place    | Note
-------+----------+-------------------------------------------
     0 | D        | fozzywoppz the Demonspawn Monk began the quest for the Orb.
     0 | D        | Reached XP level 1. HP: 18/18 MP: 1/1
    19 | D        | Found a bloodstained altar of Trog.
    19 | D        | Found a shimmering blue altar of Sif Muna.
    19 | D        | Found a viscous altar of Jiyva.
    19 | D        | Found a hazy altar of Hepliaklqana.
    19 | D        | Found an opulent altar of Gozag.
    20 | D        | Found a basalt altar of Yredelemnul.
    20 | D        | Found a shimmering altar of Xom.
    20 | D        | Found an ornate altar of the Wu Jian Council.
    20 | D        | Found a sacrificial altar of Ru.
    20 | D        | Found a stormy altar of Qazlal.
    20 | D        | Found an iron altar of Okawaru.
    20 | D        | Found a sparkling altar of Nemelex Xobeh.
    20 | D        | Found a burning altar of Makhleb.
    20 | D        | Found a blossoming altar of Fedhas.
    20 | D        | Found a shadowy altar of Dithmenos.
    20 | D        | Found a snail-covered altar of Cheibriados.
    21 | D        | Found a radiant altar of Vehumet.
    21 | D        | Found a corrupted altar of Lugonu.
    22 | D        | Found a hide-covered altar of Uskayaw.
    22 | D        | Found an ancient bone altar of Kikubaaqudgha.
    22 | D        | Found a broken altar of Ashenzari.
    28 | D        | Became a worshipper of Qazlal Stormbringer
    28 | D        | Reached * piety under Qazlal
    28 | D        | Reached ** piety under Qazlal
    60 | D        | Noticed a floating eye
    60 | D        | Noticed a floating eye
    64 | D        | Killed a floating eye
    65 | D        | Reached skill level 5 in Fighting
    65 | D        | Reached skill level 5 in Dodging
    65 | D        | Reached skill level 5 in Unarmed Combat
    65 | D        | Gained mutation: You may rarely emit foul miasma when
                  | damaged in melee. [demonic ancestry]
    65 | D        | Reached XP level 2. HP: 28/28 MP: 2/2
    65 | D        | Gained mutation: You have a pair of small antennae on your
                  | head. [demonic ancestry]
    65 | D        | Reached XP level 3. HP: 34/34 MP: 3/3
    65 | D        | Reached XP level 4. HP: 40/40 MP: 4/4
    65 | D        | Paralysed by a floating eye for 2 turns
    71 | D        | Paralysed by a floating eye for 2 turns
    74 | D        | Killed a floating eye
    75 | D        | Reached skill level 7 in Fighting
    75 | D        | Reached XP level 5. HP: 48/48 MP: 5/5
    81 | D        | Reached *** piety under Qazlal
   108 | D        | Reached **** piety under Qazlal
   115 | D        | Slain by a gnoll bouda

Illustrated notes

Levels and vault maps discovered:
D:        pitsprint [storerooms_1, entrance_room_1, metal_vault_1, armoury_2,
          mini_pit_1, grid_room_1, main_hall_1, silver_pit, the_coven_2,
          the_vestibule_1, steel_vault_5, golden_pit, hallway_of_sentries,
          crystal_vault_4, iron_vault_2, final_vault]

Skill      XL: |  1  2  3  4 |
---------------+-------------+-----
Stealth        | 2 |  2.0
Fighting       | 5 7 |  7.6
Dodging        | 5 6 |  6.9
Unarmed Combat | 5 6 |  6.9

Action                     |  1- 3 |  4- 6 || total
---------------------------+-------+-------++-------
  Melee: Unarmed           |     7 |    26 ||    33
         Punch             |       |     2 ||     2
 Invoke: Upheaval          |       |     1 ||     1
    Use: Potion            |       |     1 ||     1
 Armour: Robe              |     1 |       ||     1
  Dodge: Dodged            |     2 |    23 ||    25
  Block: Other             |       |     8 ||     8

Table legend: (Time is in decaauts)
 A = Elapsed time spent in this place.
 B = Non-inter-level travel time spent in this place.
 C = Inter-level travel time spent in this place.
 D = Time resting spent in this place.
 E = Time spent auto-exploring this place.
 F = Levels seen in this place.
 G = Mean time per level.
                   A        B        C        D        E       F      G
               +--------+--------+--------+--------+--------+-----+--------+
         Total |    111 |    111 |      0 |      0 |      0 |   1 |  111.0 |
       Dungeon |    111 |    111 |      0 |      0 |      0 |   1 |  111.0 |
               +--------+--------+--------+--------+--------+-----+--------+

Top non-repeatable levels by time:
       D: 111 daAuts
